 Dungeon Crawl Stone Soup version 0.24.0-13-gcf9b3192b9 (webtiles) character file.

Game seed: 10675084785182314877, levelgen mode: deterministic

49 Stormsson the Sneak (level 3, 0/16 HPs)
             Began as a Spriggan Enchanter on Nov 8, 2019.
             Succumbed to an adder's poison
             ... on level 2 of the Dungeon.
             The game lasted 00:09:30 (1959 turns).

Stormsson the Sneak (Spriggan Enchanter)            Turns: 1959, Time: 00:09:31

Health: 0/16       AC:  3    Str:  4    XL:     3   Next: 53%
Magic:  1/8        EV: 19    Int: 16    God:
Gold:   69         SH:  0    Dex: 17    Spells: 1/7 levels left

rFire    . . .     SeeInvis +   j - +1 dagger (speed)
rCold    . . .     Gourm    .   (shield restricted)
rNeg     . . .     Faith    .   b - +1 robe
rPois    .         Spirit   .   (helmet restricted)
rElec    .         Reflect  .   (no cloak)
rCorr    .         Harm     .   (gloves unavailable)
MR       .....                  (boots unavailable)
Stlth    +++.......             (no amulet)
HPRegen  0.05/turn              (no ring)
MPRegen  0.11/turn              (no ring)

@: lethally poisoned (0 -> -7), very quick
A: very small, unfitting armour, see invisible, herbivore, speed 3, slow
metabolism 2
a: no special abilities


You were on level 2 of the Dungeon.
You were not hungry.

You visited 1 branch of the dungeon, and saw 2 of its levels.

You collected 69 gold pieces.

Inventory:

Hand Weapons
 a - a +1 dagger
 j - a +1 dagger of speed (weapon)
Missiles
 g - 8 javelins
 h - 20 arrows
Armour
 b - a +1 robe (worn)
 e - a +0 ring mail
 f - a +0 leather armour
Scrolls
 k - a scroll of noise
 l - a scroll of identify
Potions
 c - a potion of might {unknown}
 i - a potion of haste {unknown}
Comestibles
 d - 4 rations


   Skills:
 + Level 0.2 Fighting
 + Level 1.5 Short Blades
 + Level 3.4 Dodging
 + Level 5.3 Stealth
 + Level 2.9 Spellcasting
 + Level 4.4 Hexes


You had one spell level left.
You knew the following spells:

 Your Spells              Type           Power        Failure   Level  Hunger
a - Corona                Hex            ###....      3%          1    #......
b - Ensorcelled Hibernat  Hex/Ice        #.....       12%         2    ##.....
c - Dazzling Spray        Conj/Hex       #.....       22%         3    ###....

Your spell library contained the following spells:

 Spells                   Type           Power        Failure   Level  Hunger
 Confuse                  Hex            ###.....     10%         3    ###....
 Tukima's Dance           Hex            ###.....     10%         3    ###....


Dungeon Overview and Level Annotations

Branches:
Dungeon (2/15)

Altars:


Innate Abilities, Weirdness & Mutations

You are very small and have problems with some larger weapons.
You are too small for most types of armour.
You have supernaturally acute eyesight. (SInv)
You are a herbivore.
You cover ground extremely quickly.
You need to consume almost no food.


Message History

The adder is severely wounded.
* * * LOW HITPOINT WARNING * * *
You feel sick. The adder closely misses you. x2
You hit the adder.
You kill the adder!
The adder misses you.
You see here an adder corpse.
* * * LOW HITPOINT WARNING * * *
You feel sick. The adder completely misses you.
You hit the adder.
The adder is severely wounded.
The adder barely misses you.
You hit the adder but do no damage.
The adder is severely wounded.
The adder completely misses you.
You hit the adder.
The adder is almost dead.
You hit the adder.
The adder is almost dead.
You die...

####### .......
## ....... #.
.......
#.#.......
##..###
#.....#.#.#.#.###
#.#.#.#..........
#..@..#.#.#.#....
#.#S#.#..........
#..†..#.#.#.#...
##....#........
#....##...#
#.###....'...<#
.........######
#.......†...†.+
.....#.#########


You could see an adder.

Vanquished Creatures
  An adder (D:2)
  An ooze (D:1)
  A worm (D:2)
  A dart slug (D:1)
  A leopard gecko (D:1)
  2 bats (D:1)
  3 giant cockroaches
  4 goblins (D:1)
  3 hobgoblins (D:1)
  6 kobolds (D:1)
  A ball python (D:2)
  3 frilled lizards
  4 rats (D:1)
31 creatures vanquished.

Notes
Turn   | Place    | Note
-------+----------+-------------------------------------------
     0 | D:1      | Stormsson the Spriggan Enchanter began the quest for the
                  | Orb.
     0 | D:1      | Reached XP level 1. HP: 9/9 MP: 5/5
   406 | D:1      | Reached XP level 2. HP: 2/13 MP: 4/6
   666 | D:1      | Learned a level 2 spell: Ensorcelled Hibernation
  1304 | D:1      | Reached XP level 3. HP: 16/16 MP: 8/8
  1888 | D:2      | Reached skill level 5 in Stealth
  1933 | D:2      | Learned a level 3 spell: Dazzling Spray
  1959 | D:2      | Succumbed to an adder's poison

Levels and vault maps discovered:
D:1:      matt_arrival_refuge, layout_loops_corners, minmay_tripent
D:2:      layout_basic, gammafunk_temple_overflow_forgotten, serial_glass,
          glass_columns_a, glass_columns_b, glass_columns_a, glass_columns_b,
          glass_columns_a, glass_columns_a, due_unseen_surprise,
          item_on_display_a

Skill      XL: |  1  2  3 |
---------------+----------+-----
Hexes          | 4 |  4.4
Stealth        | 5 |  5.3
Fighting       | |  0.2
Short Blades   | |  1.5
Dodging        | |  3.4
Spellcasting   | |  2.9

Action                   || total
-------------------------++-------
Melee: Dagger            ||   174
 Cast: Corona            ||     1
       Ensorcelled Hiber ||     2
       Dazzling Spray    ||     2
  Use: Scroll            ||     3
       Potion            ||     2
 Stab: Sleeping          ||     9
Armor: Robe              ||    18
Dodge: Dodged            ||   121
